cohdb
Replays
Latest Replays
All Replays
Popular Replays
Top Player Replays
Match Explorer
How It Works
Community
CoH3 Stats
Reddit
Sign in to upload your games and track your stats! →
Sign in with Steam
Match 40058660
Unlisted
Match 40058660
Overview
Messages
Build Orders
End
Construct Barracks
Selects Heavy Weapons
Riflemen Squad
Riflemen Squad
Riflemen Squad
Grenade Package
Mechanized Support Center
Construct Weapon Support Center
M3 Armored Personnel Carrier
Riflemen Squad
Selects Assault Carriers
M3 Assault Carrier
Selects Exchangeable Parts
M1918 Browning Automatic Rifles
Engineer Squad
Designate Forward Repair Station
Riflemen Squad
Riflemen Squad
Riflemen Squad
Construct Tank Depot
M4(105) Sherman Bulldozer
Adumb
Alpenmann
TheSphinx
Shark
Samson (MykillJackson)
Chocoboi
EisregenKubus0
Destroyer
0
0
Comments
sign in to comment!
No comments posted yet!